TOP OF THE 1ST |
Cincinnati Reds batting - Pitching for San Francisco Giants : RHP Ronnie Sims
|
Pitching: RHP Ronnie Sims
|
|
Batting: LHB Joseph Talley
|
0-0: Called Strike 0-1: Ball 1-1: Foul Ball, location: 2F 1-2: Foul Ball, location: 2F 1-2: Foul Ball, location: 2F 1-2: Ball 2-2: Foul Ball, location: 2F 2-2: Fly out, F8 (Line Drive, 8LD, EV 89.4 MPH)
|
Batting: RHB Jim Anderson
|
0-0: Called Strike 0-1: Fly out, F4 (Popup, 4, EV 67.5 MPH)
|
Batting: LHB Mike Easler
|
0-0: Called Strike 0-1: Foul Ball, location: 2F 0-2: SINGLE (Groundball, 34D, EV 101.9 MPH)
|
Batting: LHB Darrell Evans
|
0-0: Fly out, F8 (Line Drive, 8LD, EV 98.8 MPH)
|
Top of the 1st over - 0 runs, 1 hit, 0 errors, 1 left on base; Cincinnati 0 - San Francisco 0 |
BOTTOM OF THE 1ST |
San Francisco Giants batting - Pitching for Cincinnati Reds : RHP Tony Guzman
|
Pitching: RHP Tony Guzman
|
|
Batting: LHB Ken Griffey Sr
|
0-0: Called Strike 0-1: Foul Ball, location: 2F 0-2: Foul Ball, location: 2F 0-2: Ball 1-2: Ball 2-2: Ball 3-2: Base on Balls
|
Batting: RHB Kevin Howard
|
0-0: Ball 1-0: Called Strike 1-1: Foul Ball, location: 2F 1-2: Ball Ken Griffey Sr steals 2nd base 2-2: SINGLE (Line Drive, 89S, EV 98.8 MPH) Ken Griffey Sr to third Runner from 3rd tries for Home, SAFE, throw by RF to home
|
Batting: LHB Keith Hernandez
|
0-0: Ball 1-0: Ball 2-0: Called Strike 2-1: Foul Ball, location: 2F 2-2: Ball 3-2: Base on Balls Kevin Howard to second
|
Batting: RHB Phil Bailey
|
0-0: Foul Ball, location: 2F 0-1: Ball 1-1: Fly out, F9 (Flyball, 9D, EV 93.1 MPH) Runner from 2nd tags up, SAFE at 3rd, no throw by RF
|
Batting: RHB Don Slaught
|
0-0: Ball 1-0: Ground out 3-1 (Groundball, 34S, EV 83.8 MPH) Kevin Howard scores Keith Hernandez to second
|
Batting: SHB Tyler O'Dell
|
0-0: DOUBLE (Flyball, 78D, EV 98.8 MPH) Keith Hernandez scores
|
Batting: RHB Dickie Thon
|
0-0: Ball 1-0: Foul Ball, location: 2F 1-1: Ball 2-1: Fly out, F6 (Popup, 56, EV 50.0 MPH)
|
Bottom of the 1st over - 3 runs, 2 hits, 0 errors, 1 left on base; Cincinnati 0 - San Francisco 3 |
TOP OF THE 2ND |
Cincinnati Reds batting - Pitching for San Francisco Giants : RHP Ronnie Sims
|
Batting: RHB John Malkin
|
0-0: Called Strike 0-1: Ball 1-1: Foul Ball, location: 2F 1-2: Strikes out swinging
|
Batting: RHB Nick Deurloo
|
0-0: Fly out, F7 (Flyball, 78S, EV 80.0 MPH)
|
Batting: RHB Jesus Alfaro
|
0-0: Swinging Strike 0-1: Called Strike 0-2: Strikes out looking
|
Top of the 2nd over - 0 runs, 0 hits, 0 errors, 0 left on base; Cincinnati 0 - San Francisco 3 |
BOTTOM OF THE 2ND |
San Francisco Giants batting - Pitching for Cincinnati Reds : RHP Tony Guzman
|
Batting: SHB Larry Reynolds
|
0-0: Bunt for hit to 25 - play at first, batter OUT! 5-3
|
Batting: RHB Ronnie Sims
|
0-0: DOUBLE (Line Drive, 9LM, EV 101.3 MPH)
|
Batting: LHB Ken Griffey Sr
|
0-0: Called Strike 0-1: Ground out 4-3 (Groundball, P, EV 89.4 MPH) Ronnie Sims to third
|
Batting: RHB Kevin Howard
|
0-0: Foul Ball, location: 2F 0-1: Ground out 6-3 (Groundball, 6S, EV 91.9 MPH)
|
Bottom of the 2nd over - 0 runs, 1 hit, 0 errors, 1 left on base; Cincinnati 0 - San Francisco 3 |
TOP OF THE 3RD |
Cincinnati Reds batting - Pitching for San Francisco Giants : RHP Ronnie Sims
|
Batting: RHB Ramon Borrero
|
0-0: Ground out 6-3 (Groundball, 6, EV 84.4 MPH)
|
Batting: RHB Tony Guzman
|
0-0: Called Strike 0-1: Foul Ball, location: 2F 0-2: Ball 1-2: Hit by Pitch
|
Batting: LHB Joseph Talley
|
0-0: Called Strike 0-1: Foul Ball, location: 2F 0-2: Strikes out swinging
|
Batting: RHB Jim Anderson
|
0-0: Ball 1-0: Fly out, F8 (Flyball, 8LD, EV 96.3 MPH)
|
Top of the 3rd over - 0 runs, 0 hits, 0 errors, 1 left on base; Cincinnati 0 - San Francisco 3 |
BOTTOM OF THE 3RD |
San Francisco Giants batting - Pitching for Cincinnati Reds : RHP Tony Guzman
|
Batting: LHB Keith Hernandez
|
0-0: Ball 1-0: Called Strike 1-1: Ball 2-1: Fly out, F8 (Line Drive, 8RM, EV 93.1 MPH)
|
Batting: RHB Phil Bailey
|
0-0: Ball 1-0: Called Strike 1-1: Foul Ball, location: 2F 1-2: Ball 2-2: Foul Ball, location: 2F 2-2: Ball 3-2: SINGLE (Flyball, 89S, EV 97.5 MPH)
|
Batting: RHB Don Slaught
|
0-0: Ball 1-0: Called Strike 1-1: Foul Ball, location: 2F 1-2: SINGLE (Flyball, 3D, EV 95.0 MPH) Phil Bailey to second
|
Batting: SHB Tyler O'Dell
|
0-0: Ball 1-0: Grounds out, U3 (Groundball, 3L, EV 90.6 MPH) Phil Bailey to third
|
Batting: RHB Dickie Thon
|
0-0: Called Strike 0-1: Foul Ball, location: 2F 0-2: Ball 1-2: Foul Ball, location: 2F 1-2: Foul Ball, location: 2F 1-2: Foul Ball, location: 2F 1-2: Strikes out swinging
|
Bottom of the 3rd over - 0 runs, 2 hits, 0 errors, 2 left on base; Cincinnati 0 - San Francisco 3 |
TOP OF THE 4TH |
Cincinnati Reds batting - Pitching for San Francisco Giants : RHP Ronnie Sims
|
Batting: LHB Mike Easler
|
0-0: Ball 1-0: Ball 2-0: Ball 3-0: Base on Balls
|
Batting: LHB Darrell Evans
|
0-0: Fly out, F4 (Flyball, 4D, EV 88.8 MPH)
|
Batting: RHB John Malkin
|
0-0: Ball 1-0: Ball 2-0: Called Strike 2-1: Foul Ball, location: 2F 2-2: Strikes out swinging
|
Batting: RHB Nick Deurloo
|
0-0: Foul Ball, location: 2F 0-1: Swinging Strike 0-2: Ball 1-2: Strikes out looking
|
Top of the 4th over - 0 runs, 0 hits, 0 errors, 1 left on base; Cincinnati 0 - San Francisco 3 |
BOTTOM OF THE 4TH |
San Francisco Giants batting - Pitching for Cincinnati Reds : RHP Tony Guzman
|
Batting: SHB Larry Reynolds
|
0-0: Ball 1-0: Swinging Strike 1-1: Foul Ball, location: 2F 1-2: Fly out, F9 (Line Drive, 9D, EV 95.0 MPH)
|
Batting: RHB Ronnie Sims
|
0-0: Swinging Strike 0-1: Ball 1-1: Ball 2-1: Swinging Strike 2-2: Ball 3-2: Foul Ball, location: 2F 3-2: Strikes out swinging
|
Batting: LHB Ken Griffey Sr
|
0-0: Swinging Strike 0-1: Fly out, F8 (Line Drive, 8LM, EV 97.5 MPH)
|
Bottom of the 4th over - 0 runs, 0 hits, 0 errors, 0 left on base; Cincinnati 0 - San Francisco 3 |
TOP OF THE 5TH |
Cincinnati Reds batting - Pitching for San Francisco Giants : RHP Ronnie Sims
|
Batting: RHB Jesus Alfaro
|
0-0: Ball 1-0: Called Strike 1-1: Ball 2-1: Fly out, F7 (Flyball, 7LM, EV 78.1 MPH)
|
Batting: RHB Ramon Borrero
|
0-0: Fly out, F8 (Flyball, 89M, EV 82.5 MPH)
|
Batting: RHB Tony Guzman
|
0-0: Swinging Strike 0-1: Ball 1-1: Called Strike 1-2: Ball 2-2: Strikes out swinging
|
Top of the 5th over - 0 runs, 0 hits, 0 errors, 0 left on base; Cincinnati 0 - San Francisco 3 |
BOTTOM OF THE 5TH |
San Francisco Giants batting - Pitching for Cincinnati Reds : RHP Tony Guzman
|
Batting: RHB Kevin Howard
|
0-0: Called Strike 0-1: Foul Ball, location: 2F 0-2: Strikes out swinging
|
Batting: LHB Keith Hernandez
|
0-0: Ball 1-0: Ball 2-0: Called Strike 2-1: Ground out 4-3 (Groundball, 34D, EV 110.0 MPH)
|
Batting: RHB Phil Bailey
|
0-0: Ball 1-0: Foul Ball, location: 2F 1-1: Fly out, F9 (Flyball, 89S, EV 73.1 MPH)
|
Bottom of the 5th over - 0 runs, 0 hits, 0 errors, 0 left on base; Cincinnati 0 - San Francisco 3 |
TOP OF THE 6TH |
Cincinnati Reds batting - Pitching for San Francisco Giants : RHP Ronnie Sims
|
Batting: LHB Joseph Talley
|
0-0: Swinging Strike 0-1: Ball 1-1: Foul Ball, location: 2F 1-2: Ground out 4-3 (Groundball, 4, EV 95.6 MPH)
|
Batting: RHB Jim Anderson
|
0-0: Ball 1-0: Called Strike 1-1: Ball 2-1: SINGLE (Line Drive, 8RM, EV 98.1 MPH)
|
Batting: LHB Mike Easler
|
0-0: Swinging Strike 0-1: Ball 1-1: Called Strike 1-2: Strikes out looking
|
Batting: LHB Darrell Evans
|
0-0: Called Strike Jim Anderson steals 2nd base (no throw) 0-1: Called Strike 0-2: Ball 1-2: Strikes out swinging
|
Top of the 6th over - 0 runs, 1 hit, 0 errors, 1 left on base; Cincinnati 0 - San Francisco 3 |
BOTTOM OF THE 6TH |
San Francisco Giants batting - Pitching for Cincinnati Reds : RHP Tony Guzman
|
Batting: RHB Don Slaught
|
0-0: Called Strike 0-1: Ball 1-1: Ground out 6-3 (Groundball, P, EV 83.8 MPH)
|
Batting: SHB Tyler O'Dell
|
0-0: Ball 1-0: Swinging Strike 1-1: Ground out U3 (Groundball, 34S, EV 81.3 MPH)
|
Batting: RHB Dickie Thon
|
0-0: Ball 1-0: Ball 2-0: Fly out, F4 (Flyball, 34D, EV 71.3 MPH)
|
Bottom of the 6th over - 0 runs, 0 hits, 0 errors, 0 left on base; Cincinnati 0 - San Francisco 3 |
TOP OF THE 7TH |
Cincinnati Reds batting - Pitching for San Francisco Giants : RHP Ronnie Sims
|
Batting: RHB John Malkin
|
0-0: Foul Ball, location: 2F 0-1: Ball 1-1: Swinging Strike 1-2: Strikes out swinging
|
Batting: RHB Nick Deurloo
|
0-0: Swinging Strike 0-1: SINGLE (Groundball, 6D, EV 109.4 MPH)
|
Batting: RHB Jesus Alfaro
|
0-0: Called Strike 0-1: Ball 1-1: Called Strike 1-2: SINGLE (Groundball, 13, EV 81.3 MPH) (infield hit) Nick Deurloo to second
|
Batting: RHB Ramon Borrero
|
0-0: Fly out, F7 (Line Drive, 7D, EV 90.0 MPH)
|
Batting: RHB Tony Guzman
|
0-0: Ball 1-0: Foul Ball, location: 2F 1-1: Fly out, F6 (Flyball, 56D, EV 78.8 MPH)
|
Top of the 7th over - 0 runs, 2 hits, 0 errors, 2 left on base; Cincinnati 0 - San Francisco 3 |
BOTTOM OF THE 7TH |
San Francisco Giants batting - Pitching for Cincinnati Reds : RHP Tony Guzman
|
Batting: SHB Larry Reynolds
|
0-0: Ball 1-0: Foul Ball, location: 2F 1-1: Foul Ball, location: 2F 1-2: Ground out U3 (Groundball, 34, EV 85.0 MPH)
|
Batting: RHB Ronnie Sims
|
0-0: Ground out 5-3 (Groundball, 56, EV 86.9 MPH)
|
Batting: LHB Ken Griffey Sr
|
0-0: Ground out 5-3 (Groundball, 56S, EV 73.8 MPH)
|
Bottom of the 7th over - 0 runs, 0 hits, 0 errors, 0 left on base; Cincinnati 0 - San Francisco 3 |
TOP OF THE 8TH |
Cincinnati Reds batting - Pitching for San Francisco Giants : RHP Ronnie Sims
|
Batting: LHB Joseph Talley
|
0-0: Foul Ball, location: 2F 0-1: Called Strike 0-2: SINGLE (Flyball, 78S, EV 91.3 MPH)
|
Batting: RHB Jim Anderson
|
0-0: Foul Ball, location: 2F 0-1: Grounds into double play, 5-4-3 (Groundball, 5L, EV 101.9 MPH)
|
Batting: LHB Mike Easler
|
0-0: Fly out, F9 (Flyball, 9S, EV 89.4 MPH)
|
Top of the 8th over - 0 runs, 1 hit, 0 errors, 0 left on base; Cincinnati 0 - San Francisco 3 |
BOTTOM OF THE 8TH |
San Francisco Giants batting - Pitching for Cincinnati Reds : RHP Tony Guzman
|
Batting: RHB Kevin Howard
|
0-0: Ball 1-0: Ball 2-0: Foul Ball, location: 2F 2-1: Swinging Strike 2-2: Foul Ball, location: 2F 2-2: Fly out, F3 (Popup, 3SF, EV 75.6 MPH)
|
Batting: LHB Keith Hernandez
|
0-0: Called Strike 0-1: Foul Ball, location: 2F 0-2: Ball 1-2: Ground out 3-1 (Groundball, 34S, EV 84.4 MPH)
|
Batting: RHB Phil Bailey
|
0-0: Fly out, F6 (Line Drive, 6, EV 68.8 MPH)
|
Bottom of the 8th over - 0 runs, 0 hits, 0 errors, 0 left on base; Cincinnati 0 - San Francisco 3 |
TOP OF THE 9TH |
Cincinnati Reds batting - Pitching for San Francisco Giants : RHP Ronnie Sims
|
Now in CF: Doug Frobel
|
|
Batting: LHB Darrell Evans
|
0-0: Called Strike 0-1: Ground out 1-3 (Groundball, 34S, EV 64.4 MPH)
|
Batting: RHB John Malkin
|
0-0: Called Strike 0-1: Swinging Strike 0-2: Ball 1-2: Foul Ball, location: 2F 1-2: Ball 2-2: Strikes out swinging
|
Batting: RHB Nick Deurloo
|
0-0: Ball 1-0: Ball 2-0: SINGLE (Groundball, 56D, EV 105.6 MPH)
|
Batting: RHB Jesus Alfaro
|
0-0: Ball 1-0: Called Strike 1-1: Called Strike 1-2: SINGLE (Flyball, 89S, EV 97.5 MPH) Nick Deurloo to second
|
Pinch Hitting: LHB Jim Bennett
|
0-0: Fly out, F8 (Flyball, 8RM, EV 95.6 MPH)
|
Top of the 9th over - 0 runs, 2 hits, 0 errors, 2 left on base; Cincinnati 0 - San Francisco 3 |
|